 Dungeon Crawl Stone Soup version 0.31.0-12-g77e489cdc1 (webtiles) character file.

Game seed: 5333203410084793604

42 Arctor the Firebug (level 3, 0/19 HPs)
             Began as a Deep Elf Fire Elementalist on Feb 16, 2024.
             Slain by an adder (2 damage)
             ... on level 3 of the Dungeon.
             The game lasted 00:01:46 (2584 turns).

Arctor the Firebug (Deep Elf Fire Elementalist)     Turns: 2584, Time: 00:01:47

Health: 0/19       AC:  4    Str:  5    XL:     3   Next: 35%
Magic:  3/10       EV: 13    Int: 21    God:
Gold:   107        SH:  0    Dex: 15    Spells: 6/9 levels left

rFire   . . .        (no weapon)
rCold   + . .        (no shield)
rNeg    . . .        a - +0 robe
rPois   .            (no helmet)
rElec   .            g - +1 cloak
rCorr   .            (no gloves)
SInv    .            (no boots)
Will    .....        (no amulet)
Stlth   ++           e - ring of protection from cold
HPRegen 0.23/turn    (no ring)
MPRegen 0.12/turn

%: no passive effects
@: lethally poisoned (0 -> -3), very slightly contaminated
A: no striking features
a: no special abilities


You were on level 3 of the Dungeon.
You visited 1 branch of the dungeon, and saw 4 of its levels.

You collected 107 gold pieces.

Inventory:

Armour
 a - a +0 robe (worn)
 g - a +1 cloak (worn)
Jewellery
 e - a ring of protection from cold (left hand)
 h - a ring of protection from cold
Scrolls
 c - a scroll of enchant weapon {unknown}
 d - 2 scrolls of identify {unknown}
 k - a scroll of revelation {unknown}
Potions
 b - a potion of magic
 f - 2 potions of might {unknown}
 i - a potion of lignification {unknown}
 j - a potion of mutation {unknown}


   Skills:
 + Level 3.0 Dodging
 + Level 3.1 Stealth
 + Level 3.5 Spellcasting
 + Level 1.9 Conjurations
 + Level 3.6 Fire Magic


You had 6 spell levels left.
You knew the following spells:

 Your Spells              Type           Power      Damage    Failure   Level
a - Foxfire               Conj/Fire      60%        2x1d7     4%          1
b - Scorch                Fire           38%        2d6       4%          2

Your spell library contained the following spells:

 Spells                   Type           Power      Damage    Failure   Level
 Inner Flame              Hex/Fire       11%        N/A       19%         3
 Volatile Blastmotes      Fire/Tloc      22%        2d11      19%         3
 Flame Wave               Conj/Fire      15%        2d7       38%         4


Dungeon Overview and Level Annotations

Branches:
Dungeon (4/15)
 Temple: D:4-7

Altars:

Shops:
D:1 *

Annotations:
D:3 Robin


Message History

The foxfire hits the kobold.
The kobold is severely wounded.
The foxfire hits the kobold.
You kill the kobold!
Your Dodging skill increases to level 3!
There is a stone staircase leading up here.
You climb upwards.
Level annotation: Robin The adder hisses angrily.
The hobgoblin misses you.
Robin roars a battlecry!
The hobgoblin goes into a battle-frenzy!
The hobgoblin hits you. The adder misses you.
There is a stone staircase leading down here.
Casting: Foxfire (safe; 4% risk of failure)
Confirm with . or Enter, or press ? or * to list all spells.
Flames lash the adder.
The adder is heavily wounded.
The adder's fire resistance burns away.
The adder closely misses you. The hobgoblin misses you.
Casting: Scorch (safe; 4% risk of failure)
Confirm with . or Enter, or press ? or * to list all spells.
You miscast Scorch.
You are very lightly contaminated with residual magic.
Nothing appears to happen.
The adder bites you.
You are poisoned.
The adder poisons you! The orc misses you. The hobgoblin misses you.
You miss the adder.
The adder is heavily wounded.
You feel sick. The adder bites you. Robin hits you but does no damage.
The hobgoblin hits you but does no damage.
The orc hits you with a +0 short sword. The adder bites you.
* * * LOW HITPOINT WARNING * * *
There is a lethal amount of poison in your body!
* * * LOW HITPOINT WARNING * * *
You feel sick.
The adder is no longer more vulnerable to fire.
Robin attacks as they pursue you! Robin hits you but does no damage.
The adder bites you.
You die...

...g.g...#
#....####
.####....+
#........ .#
#....####........
.#
#....'.<'........
.#
##...####†...####
.# ##### #....#
.# #....# .#
#######....## .#
#.........@S# .#
#........gg># .#
#..........o# .#
#...........# )#
#...........# )#
#...........# o#
#...........# g#
#...........# .#
#...........#


You could see Robin, an adder, an orc and a hobgoblin (strong).

Vanquished Creatures
  A ribbon worm (D:2)
  An orc (D:4)
  5 ball pythons (D:1)
  9 goblins
  5 hobgoblins
  4 jackals (D:2)
  A quokka (D:1)
  A frilled lizard (D:2)
  2 kobolds
  7 rats
36 creatures vanquished.

Vanquished Creatures (others)
  185 foxfires
185 creatures vanquished.

Grand Total: 221 creatures vanquished

Notes
Turn   | Place    | Note
-------+----------+-------------------------------------------
     0 | D:1      | Arctor the Deep Elf Fire Elementalist began the quest for
                  | the Orb.
     0 | D:1      | Reached XP level 1. HP: 10/10 MP: 6/6
   386 | D:1      | Reached XP level 2. HP: 15/15 MP: 5/8
   732 | D:1      | Found Pauxael's Assorted Antiques.
   987 | D:2      | Learned a level 2 spell: Scorch
  1772 | D:2      | Reached XP level 3. HP: 19/19 MP: 6/9
  2343 | D:3      | Noticed Robin
  2561 | D:4      | Noticed a scorpion
  2584 | D:3      | Slain by an adder

Illustrated notes

Levels and vault maps discovered:
D:1:      dpeg_arrival_rhombus, layout_rooms, serial_shops, nicolae_shop_trees
D:2:      layout_loops_corners
D:3:      layout_basic, zin_statuary, uniq_sigmund, uniq_robin
D:4:      layout_loops_ring, yredelemnul_forgotten_temple_becter,
          kennysheep_mini, serial_shops, nicolae_square_shop,
          minmay_misc_feat_chi, uniq_pikel, uniq_eustachio

Skill      XL: |  1  2  3 |
---------------+----------+-----
Stealth        | 3 |  3.1
Dodging        | 3 |  3.0
Spellcasting   | |  3.5
Conjurations   | |  1.9
Fire Magic     | |  3.6

Action                     || total
---------------------------++-------
  Melee: Unarmed           ||     2
   Cast: Foxfire           ||   117
         Scorch            ||    13
 Armour: Robe              ||    18
  Dodge: Dodged            ||    36
